FIQ, neutral male scurrid Tourist ---- ---------...-- ---------.........}..%-- ---------u......................-- ---------..QQ...........................v.-- ---------...............F..........f................-- ---------....!.............Q..................C........+......--- ---------....a.......................q.................................i--- |.>........a....i...)....a...*..............@......l...................r..| |.}.......!...a..........a.......................................<...!..}.| |..............................o........C...rx.........?.................!| ---........%.............%a...............e..l................... --------- ---.................a.................%.k..=........... ------- ---...!....M.........a..............B..t.... ------- ---...............a...P........... ------ ---..................... ------ ---...}...... ------ --- ----- FIQ the Rambler Experience level: 1 Strength: 13 Dexterity: 12 Constitution: 14 Intelligence: 12 Wisdom: 8 Charisma: 16 Health: 0(9) Energy: 2(2) Def: 0 Gold: 310 Moves: 55 Dungeon seed: CwwzOeA4BQhJEOyI Game ID: FIQ_1498602251 Your Inventory: Coins $ - 310 gold pieces Weapons a - 53 uncursed +2 darts (in quiver) Potions j - 2 uncursed potions of extra healing Rings q - a cursed ring of free action Wands o - an uncursed wand of secret door detection (0:15) Tools m - an uncursed expensive camera (0:97) n - an uncursed credit card Spells and supernatural/magical abilities: Name Level Category Fail Memory W - pray for help -- divine ? -- Your skills at the end: Miscellaneous Skills wands [Basic] Weapon Skills dart [Basic] Spellcasting Skills Final Attributes: You were devoutly aligned. You had infravision. You were very stealthy. You are dead. Voluntary challenges: You went without food. You did not adorn yourself with jewelry or accessories. You did not cause conflict. You were not invisible. You did not have reflection. You were not displaced. You were an atheist. You never hit with a wielded weapon. You were a pacifist. You did not use tools. You did not use plumbed fixtures. You did not drink any magical draughts. You were illiterate. You never genocided any monsters. You never polymorphed an object. You never changed form. You used no wishes. You never split a pudding. You never wrote Elbereth's name. You never violated your personal moral code. Dungeon overview: The Dungeons of Doom: levels 1 to 14 Level 1 a long staircase Level 2 Level 3 a fountain Level 4 Level 5 Level 6 Level 7 Level 8 Level 9 Level 10 an altar to Blind Io Level 11 Level 12 Level 13 Level 14 <- You were here History has recorded: On T:1 you entered the Dungeons of Doom to retrieve the Amulet of Yendor! On T:25 you reached level 2 of The Dungeons of Doom. On T:28 you reached level 3 of The Dungeons of Doom. On T:30 you reached level 4 of The Dungeons of Doom. On T:32 you reached level 5 of The Dungeons of Doom. On T:34 you reached level 6 of The Dungeons of Doom. On T:37 you reached level 7 of The Dungeons of Doom. On T:39 you reached level 8 of The Dungeons of Doom. On T:41 you reached level 9 of The Dungeons of Doom. On T:43 you reached level 10 of The Dungeons of Doom. On T:47 you reached level 11 of The Dungeons of Doom. On T:49 you reached level 12 of The Dungeons of Doom. On T:52 you reached level 13 of The Dungeons of Doom. On T:54 you reached level 14 of The Dungeons of Doom. Score breakdown: Gold: 0 ( 0 points) Experience: 1 level ( 0 points) Exploration: 14 levels ( 390 points) Discoveries: 1 item ( 50 points) Variety of kills: 0 monsters ( 0 points) Major goal: (nothing yet) ( 0 points) Survival: died (score multiplied by 3) Total score: 1320 Latest messages: You dig a pit in the floor. You continue digging downward. You dig a hole through the floor. You fall through... q - a jade ring. You start digging downward. You continue digging downward. You dig a pit in the floor. You continue digging downward. You dig a hole through the floor. You fall through... You receive a faint telepathic message from Twoflower: Your help is urgently needed at Ankh-Morpork! Look for a ...ic transporter. You couldn't quite make out that last message. You start digging downward. You continue digging downward. You dig a pit in the floor. You continue digging downward. You dig a hole through the floor. You fall through... You start digging downward. You continue digging downward. As you dig, the hole fills with lava! You fall into the lava! Your Hawaiian shirt bursts into flame! You burn to a crisp... Final status: Aloha FIQ the Tourist, burned by molten lava... You burned in The Dungeons of Doom on dungeon level 14 with 1320 points, and 310 pieces of gold, after 55 moves. You were level 1 with a maximum of 9 hit points when you burned.